 Dungeon Crawl Stone Soup version 0.26-a0-667-g92642533e4 (webtiles) character file.

Game seed: 15930227837797520797

2140 marklar909 the Cudgeler (level 9, 0/68 HPs)
             Began as a Formicid Abyssal Knight on Oct 17, 2020.
             Was a Believer of Lugonu.
             Killed from afar by an electric eel (7 damage)
             ... with a bolt of electricity
             ... on level 7 of the Dungeon.
             The game lasted 00:19:01 (11757 turns).

marklar909 the Cudgeler (Formicid Abyssal Knight)  Turns: 11757, Time: 00:19:01

Health: 0/68       AC: 13    Str: 20    XL:     9   Next: 55%
Magic:  0/13       EV: 10    Int:  8    God:    Lugonu [**....]
Gold:   298        SH:  9    Dex: 10    Spells: 8/8 levels left

rFire    + + +     SeeInvis +   J - +0 great mace
rCold    . . .     Faith    .   x - +0 kite shield of Midwinter {rN+}
rNeg     + . .     Spirit   +   K - +5 ring mail of Misanthropy {-Tele rF+++ MR+++ Slay+3}
rPois    .         Reflect  .   (helmet unavailable)
rElec    .         Harm     .   (no cloak)
rCorr    .         Rampage  .   (no gloves)
MR       +++..                  G - +1 pair of boots {run}
Stlth    +.........             E - amulet of guardian spirit
HPRegen  0.21/turn              i - -4 ring of intelligence (curse)
MPRegen  0.13/turn              D - ring of wizardry

@: lightly drained, quick
A: permanent stasis, dig shafts and tunnels, four strong arms, antennae 3
a: Dig, Shaft Self, Depart the Abyss, Bend Space, Renounce Religion


You were on level 7 of the Dungeon.
You worshipped Lugonu.
Lugonu was pleased with you.
You visited 1 branch of the dungeon, and saw 7 of its levels.
You visited the Abyss 1 time.

You collected 410 gold pieces.
You spent 112 gold pieces at shops.

Inventory:

Hand Weapons
 a - a +1 mace
 J - a +0 great mace (weapon)
Missiles
 b - 4 javelins
 p - 2 poisoned darts (quivered)
 r - 89 bolts
Armour
 x - the +0 kite shield of Midwinter (worn) {rN+}
   (You found it on level 7 of the Dungeon)

   It protects you from negative energy.
 G - a +1 pair of boots of running (worn)
 K - the +5 ring mail of Misanthropy (worn) {-Tele rF+++ MR+++ Slay+3}
   (You found it on level 6 of the Dungeon)

   It affects your accuracy and damage with ranged weapons and melee attacks
   (+3).
   It renders you almost immune to fire.
   It affects your resistance to hostile enchantments.
   It prevents most forms of teleportation.
Jewellery
 i - a cursed -4 ring of intelligence (left hand)
 q - an uncursed ring of protection from magic
 t - an uncursed ring of resist corrosion
 D - a ring of wizardry (right hand)
 E - an amulet of guardian spirit (around neck)
Wands
 h - a wand of iceblast (6)
 s - a wand of digging (6)
 y - a wand of polymorph (9)
 C - a wand of acid (8)
 H - a wand of paralysis (3)
Scrolls
 c - 4 scrolls of enchant weapon
 g - 4 scrolls of identify
 w - a scroll of magic mapping
Potions
 d - a potion of heal wounds
 e - a potion of magic
 f - a potion of degeneration {unknown}
 j - a potion of might {unknown}
 k - 2 potions of mutation {unknown}
 l - 6 potions of curing
 m - a potion of invisibility {unknown}
 n - 2 potions of cancellation {unknown}
 o - a potion of berserk rage {unknown}
 v - 4 potions of ambrosia {unknown}
 z - 2 potions of flight {unknown}


   Skills:
 + Level 5.6 Fighting
 + Level 7.4 Maces & Flails
 + Level 2.6 Throwing
 + Level 4.5 Armour
 + Level 3.8 Dodging
 + Level 2.3(2.2) Stealth
 + Level 3.7(3.6) Shields
 * Level 5.5(5.4) Invocations


You had 8 spell levels left.
You didn't know any spells.
Your spell library was empty.

Dungeon Overview and Level Annotations

Branches:
Dungeon (7/15)             Temple (0/1) D:6

Altars:
Cheibriados
Dithmenos
Elyvilon
Okawaru
Qazlal
Uskayaw
Wu Jian
Zin
The Shining One

Shops:
D:5 !

Annotations:
D:3 1 runed translucent door, robertstho's ghost, amateur DsAK
D:6 2 exclusions


Innate Abilities, Weirdness & Mutations

You cannot be hasted, slowed, berserked, paralysed or teleported.
You can dig through walls and to a lower floor.
Your four strong arms can wield two-handed weapons with a shield.
You have a pair of large antennae on your head. (SInv)


Message History

The bolt of electricity hits you.
* * * LOW HITPOINT WARNING * * *
The bolt of electricity hits you.
* * * LOW HITPOINT WARNING * * *
The bolt of electricity hits the electric eel.
The electric eel completely resists.
You feel much better.
The electric eel shoots out a bolt of lightning at you!
The bolt of electricity hits you. The bolt of electricity misses you.
The electric eel shoots out a bolt of lightning at you!
The bolt of electricity hits you!
* * * LOW HITPOINT WARNING * * *
The bolt of electricity hits you!
* * * LOW HITPOINT WARNING * * *
The bolt of electricity hits the electric eel.
The electric eel completely resists.
Unknown command.
The electric eel shoots out a bolt of lightning at you!
The bolt of electricity hits you!
You die...

#.# #.# *,* *,* *,* #.# #.#
*.* *,* *,* #.#######.#
##.*****,***,* #?........#
#..,,,,,,,,,,* #..######.#
#.#******,**** #..# #.#
#.#### *,* #####.# #.# #...≈#
*** ......# #.####..≈≈#
#####.# #....@..≈≈## ##.#
######.;≈≈≈# #..# #.≈≈≈≈##
#..## *#≈≈≈≈≈≈# ##...##
#.≈≈≈≈≈≈#*
###.###.########..≈≈≈≈;≈#**
....# #.##........!≈≈≈≈≈≈≈**
.##.###.##.######...≈≈≈≈≈≈≈*
....................≈≈##≈≈≈**


You could see 2 electric eels.

Vanquished Creatures
  A phantom (D:6)
  A black bear (D:6)
  An ice beast (D:5)
  2 orc warriors
  2 ogres
  A necrophage (D:6)
  3 centaurs (D:6)
  2 bullfrogs (D:7)
  4 wights (D:7)
  A howler monkey (D:4)
  A bullfrog zombie (D:7)
  An orc priest (D:6)
  A jelly (D:7)
  A hound (D:5)
  A bullfrog skeleton (D:7)
  4 orc wizards
  Natasha (thrice) (D:2)
  3 iguanas
  10 worker ants
  6 adders
  2 white imps
  An ufetubus (D:5)
  2 oozes
  An adder zombie (D:7)
  An adder skeleton (D:5)
  A worm (D:4)
  A dart slug (D:1)
  5 leopard geckos
  16 orcs
  3 ball pythons
  5 bats
  5 giant cockroaches
  5 goblins
  4 hobgoblins
  12 jackals
  5 kobolds
  4 quokkas
  A frilled lizard (D:1)
  A jackal skeleton (D:6)
  A jackal zombie (D:6)
  A quokka skeleton (D:7)
  7 rats
133 creatures vanquished.

Notes
Turn   | Place    | Note
-------+----------+-------------------------------------------
     0 | Abyss:1  | marklar909 the Formicid Abyssal Knight began the quest for
                  | the Orb.
     0 | Abyss:1  | Reached XP level 1. HP: 18/18 MP: 2/2
    44 | Abyss:1  | Found a corrupted altar of Lugonu.
    80 | Abyss:1  | Noticed a hellwing
    89 | Abyss:1  | Noticed a shadow
    90 | D:1      | Escaped the Abyss
   355 | D:1      | Reached XP level 2. HP: 16/24 MP: 3/3
   622 | D:1      | Reached * piety under Lugonu
   625 | D:1      | Reached skill level 1 in Dodging
   773 | D:1      | Reached XP level 3. HP: 20/30 MP: 4/4
  1158 | D:2      | Noticed Natasha
  1169 | D:2      | Killed Natasha
  1169 | D:2      | Reached XP level 4. HP: 26/37 MP: 5/5
  1522 | D:2      | Noticed Natasha
  1533 | D:2      | Killed Natasha
  1553 | D:2      | Noticed Natasha
  2059 | D:2      | Killed Natasha
  2059 | D:2      | Reached skill level 3 in Maces & Flails
  2059 | D:2      | Reached skill level 1 in Throwing
  2059 | D:2      | Reached XP level 5. HP: 42/42 MP: 6/6
  3373 | D:3      | Found a runed translucent door.
  3373 | D:3      | Noticed robertstho's ghost (amateur DsAK)
  3860 | D:4      | Reached skill level 1 in Stealth
  3860 | D:4      | Reached XP level 6. HP: 46/49 MP: 8/8
  3945 | D:4      | Reached skill level 1 in Shields
  3981 | D:4      | Found a stormy altar of Qazlal.
  4111 | D:4      | Reached ** piety under Lugonu
  4332 | D:5      | Entered Level 5 of the Dungeon
  4555 | D:5      | Noticed an ogre
  4731 | D:5      | Killed an ogre
  4731 | D:5      | Reached skill level 4 in Maces & Flails
  4731 | D:5      | Reached XP level 7. HP: 44/55 MP: 9/9
  4814 | D:5      | Found Qysuf's Distillery.
  4821 | D:5      | Bought a potion of heal wounds for 70 gold pieces
  4821 | D:5      | Bought a potion of curing for 42 gold pieces
  4995 | D:5      | HP: 1/55 [ice beast (14)]
  5909 | D:5      | Found a shadowy altar of Dithmenos.
  7067 | D:5      | HP: 2/55 [ice beast (14)]
  8060 | D:6      | Identified a +0 pair of boots of running (You found it on
                  | level 6 of the Dungeon)
  8398 | D:6      | Reached XP level 8. HP: 47/61 MP: 9/11
  8614 | D:6      | Reached skill level 5 in Fighting
  9569 | D:6      | Reached skill level 5 in Maces & Flails
  9740 | D:6      | Got a bloodstained ring mail
  9743 | D:6      | Identified the +5 ring mail of Misanthropy {-Tele rF+++
                  | MR+++ Slay+3} (You found it on level 6 of the Dungeon)
  9885 | D:6      | Found a white marble altar of Elyvilon.
  9886 | D:6      | Found an ornate altar of the Wu Jian Council.
  9887 | D:6      | Found a glowing silver altar of Zin.
  9887 | D:6      | Found a glowing golden altar of the Shining One.
  9888 | D:6      | Found a hide-covered altar of Uskayaw.
  9890 | D:6      | Found an iron altar of Okawaru.
  9891 | D:6      | Found a snail-covered altar of Cheibriados.
 10021 | D:6      | Found a staircase to the Ecumenical Temple.
 10271 | D:6      | Reached skill level 5 in Invocations
 10520 | D:7      | Reached XP level 9. HP: 62/68 MP: 10/12
 10552 | D:7      | Reached skill level 6 in Maces & Flails
 10971 | D:7      | Reached skill level 7 in Maces & Flails
 11299 | D:7      | Got a crude kite shield
 11316 | D:7      | Identified the +0 kite shield of Midwinter {rN+} (You found
                  | it on level 7 of the Dungeon)
 11456 | D:7      | Reached *** piety under Lugonu
 11755 | D:7      | HP: 2/68 [electric eel/bolt of electricity (5)]
 11757 | D:7      | Killed from afar by an electric eel

Illustrated notes

Levels and vault maps discovered:
D:1:      heliophobic_arrival_ceremonial_halls, layout_basic
D:2:      layout_basic, solitary_fountain, uniq_natasha
D:3:      layout_rooms, hellmonk_ghost_happy_afterlife
D:4:      layout_basic, nrook_campfire, lemuel_altar_in_water
D:5:      layout_basic, lemuel_doored_altar, serial_shops,
          nicolae_shop_temple_entry_statues_fountains
D:6:      nicolae_whirlpool, layout_loops_ring, minitemple, temple_hall
D:7:      statuecave_lemuel, layout_loops_ring

Skill      XL: |  1  2  3  4  5  6  7  8  9 |
---------------+----------------------------+-----
Dodging        | 1 2 3 |  3.8
Fighting       | 4 5 |  5.6
Maces & Flails | 3 4 5 7 |  7.4
Throwing       | 1 2 |  2.6
Armour         | 3 4 |  4.5
Stealth        | 1 2 |  2.3
Shields        | 1 2 3 |  3.7
Invocations    | 3 4 5 |  5.5

Action                   |  1- 3 |  4- 6 |  7- 9 || total
-------------------------+-------+-------+-------++-------
Melee: Mace              |    35 |   142 |   208 ||   385
       Great mace        |       |       |   173 ||   173
Throw: Dart              |    13 |    50 |    10 ||    73
       Javelin           |     3 |     5 |    13 ||    21
Invok: Depart the Abyss  |     1 |       |       ||     1
 Abil: Dig               |       |       |     5 ||     5
  Use: Potion            |       |     1 |     5 ||     6
       Scroll            |       |     5 |     8 ||    13
 Stab: Sleeping          |       |       |     2 ||     2
Armor: Leather armour    |    13 |    33 |    47 ||    93
       Ring mail         |       |       |    64 ||    64
Dodge: Dodged            |    22 |   112 |   241 ||   375
Block: Buckler           |       |       |    53 ||    53
       Kite shield       |       |       |    16 ||    16

Table legend: (Time is in decaauts)
 A = Elapsed time spent in this place.
 B = Non-inter-level travel time spent in this place.
 C = Inter-level travel time spent in this place.
 D = Time resting spent in this place.
 E = Time spent auto-exploring this place.
 F = Levels seen in this place.
 G = Mean time per level.
                   A        B        C        D        E       F      G
               +--------+--------+--------+--------+--------+-----+--------+
         Total |  11774 |  10906 |    868 |   3094 |   5631 |   8 | 1471.8 |
       Dungeon |  11684 |  10816 |    868 |   3094 |   5559 |   7 | 1669.1 |
         Abyss |     90 |     90 |      0 |      0 |     72 |   1 |   90.0 |
               +--------+--------+--------+--------+--------+-----+--------+

Top non-repeatable levels by time:
     D:5: 3331 daAuts
     D:6: 2280 daAuts
     D:2: 2192 daAuts
     D:7: 1285 daAuts
     D:1: 1077 daAuts
     D:4: 1054 daAuts
     D:3: 462 daAuts
 Abyss:1: 90 daAuts
